 Dungeon Crawl Stone Soup version 0.21.0-3-g78d12a8bdd (webtiles) character file.

532821 Kenran the Wrestler (level 25, -22/233 HPs)
             Began as a Ghoul Conjurer on Jan 11, 2018.
             Was the Champion of Okawaru.
             Killed from afar by a black draconian monk (31 damage)
             ... with a bolt of lightning
             ... on level 1 of the Realm of Zot on Jan 14, 2018.
             The game lasted 02:57:50 (67507 turns).

Kenran the Wrestler (Ghoul Conjurer)               Turns: 67507, Time: 02:57:50

Health: -22/233    AC: 42    Str: 23    XL:     25   Next: 70%
Magic:  40/40      EV:  9    Int: 10    God:    Okawaru [******]
Gold:   5690       SH: 31    Dex:  8    Spells: 34/37 levels left

rFire    + + +     SeeInvis +     - Unarmed
rCold    + . .     Gourm    .   b - +5 large shield {AC+3}
rNeg     + + +     Faith    .   U - +10 plate armour {rF+}
rPois    ∞         Spirit   .   M - +2 helmet {SInv}
rElec    .         Reflect  +   G - +2 cloak
rCorr    .         Harm     .   (no gloves)
MR       +....                  n - +1 pair of boots "Qoijyex" {rF+ rN+ MP+9 Dex-2}
Stlth    ..........             S - amulet "Orphoryor" {Reflect rF+ SH+6 Stlth+}
HPRegen  0.00/turn              J - +4 ring of slaying
MPRegen  0.27/turn              w - +5 ring of slaying

@: rotting, studying Spellcasting
A: rotting body, claws 1, carnivore, cold resistance 1, negative energy
resistance 3, inhibited regeneration, torment resistance, unbreathing
}: 3/15 runes: decaying, slimy, gossamer
a: Heroism, Finesse, Renounce Religion


You were on level 1 of the Realm of Zot.
You worshipped Okawaru.
Okawaru was exalted by your worship.
You were not hungry.

You visited 11 branches of the dungeon, and saw 49 of its levels.
You visited the Abyss 1 time.
You also visited: Ice Cave and Volcano.

You collected 6889 gold pieces.
You spent 1199 gold pieces at shops.

Inventory:

Hand Weapons
 a - a +9 fustibalus of freezing
Missiles
 j - 1331 stones (quivered)
 A - 371 sling bullets
Armour
 b - a +5 large shield of protection (worn)
 n - the +1 pair of boots "Qoijyex" (worn) {rF+ rN+ MP+9 Dex-2}
   (You acquired it on level 15 of the Dungeon)

   It affects your dexterity (-2).
   It protects you from fire.
   It protects you from negative energy.
   It affects your magic capacity (+9).
 G - a +2 cloak (worn)
 M - a +2 helmet of see invisible (worn)
 U - a +10 plate armour of fire resistance (worn)
Jewellery
 d - the amulet "Yton" {Gourm rElec rPois rN+}
   (You found it on level 5 of the Lair of Beasts)

   [amulet of the gourmand]

   It allows you to eat raw meat even when not hungry.
   It insulates you from electricity.
   It protects you from poison.
   It protects you from negative energy.
 w - a +5 ring of slaying (right claw)
 B - an uncursed ring of resist corrosion
 F - an uncursed ring of protection from magic
 J - a +4 ring of slaying (left claw)
 S - the amulet "Orphoryor" (around neck) {Reflect rF+ SH+6 Stlth+}
   (You found it on level 2 of the Elven Halls)

   [amulet of reflection]

   It shields you and reflects attacks.
   It protects you from fire.
   It affects your SH (+6).
   It makes you more stealthy.
Wands
 C - a wand of iceblast (38)
 N - a wand of polymorph (23)
 O - a wand of enslavement (12)
 R - a wand of paralysis (43)
 T - a wand of scattershot (5)
 V - a wand of acid (18)
 X - a wand of disintegration (12)
Scrolls
 g - 6 scrolls of immolation {!r}
 h - 7 scrolls of teleportation {@r4}
 i - 7 scrolls of identify {@r1}
 k - 14 scrolls of remove curse {@r2}
 q - a scroll of summoning
 r - 6 scrolls of fear
 s - 4 scrolls of magic mapping
 t - a scroll of brand weapon
 y - a scroll of silence
 W - a scroll of fog
Potions
 m - 5 potions of curing {@q1}
 o - 9 potions of brilliance
 p - 5 potions of magic
 v - 12 potions of flight
 x - a potion of cancellation {@q6}
 z - 7 potions of agility {@q5}
 D - 2 potions of ambrosia
 E - 10 potions of might {@q4}
 H - 9 potions of haste {@q3}
 K - 3 potions of resistance
 Q - 5 potions of invisibility
Books
 Z - a manual of Spellcasting
Miscellaneous
 e - a sack of spiders
 l - 4 phantom mirrors
 u - a phial of floods
 L - a lamp of fire
 P - a fan of gales (inert)
Comestibles
 c - 78 rations
 I - 8 chunks of flesh


   Skills:
 - Level 20.3 Fighting
 - Level 11.2 Slings
 + Level 18.8 Armour
 - Level 9.0 Dodging
 - Level 2.1 Stealth
 - Level 16.4 Shields
 - Level 23.1 Unarmed Combat
 - Level 6.5 Spellcasting
   Level 3.2 Conjurations
 - Level 8.3 Invocations
 - Level 8.8 Evocations


You had 34 spell levels left.
You knew the following spells:

 Your Spells              Type           Power        Failure   Level  Hunger
a - Portal Projectile     Hex/Tloc       #.....       100%        3    ###....


Dungeon Overview and Level Annotations

Branches:
Dungeon (15/15)            Temple (1/1) D:4            Lair (6/6) D:11
  Swamp (4/4) Lair:3       Spider (4/4) Lair:3        Slime (5/5) Lair:6
    Orc (2/2) D:10            Elf (2/3) Orc:2        Vaults (4/5) D:13
  Crypt (0/3) Vaults:3     Depths (5/5) D:15            Zot (1/5) Depths:5

Altars:
Ashenzari
Cheibriados
Dithmenos
Elyvilon
Fedhas
Gozag
Hepliaklqana
Kikubaaqudgha
Makhleb
Nemelex Xobeh
Okawaru
Qazlal
Ru
Sif Muna
Trog
Uskayaw
Vehumet
Wu Jian
Xom
Yredelemnul
Zin
The Shining One
Beogh
Lugonu

Shops:
D:12 *   D:15 *   Orc:2 ?}[:   Vaults:3 (

Portals:
Hell: Depths:1 Depths:2 Depths:3 Depths:4 Depths:5
Abyss: Depths:2 Depths:4
Pandemonium: Depths:3 Depths:4
Ziggurat: Depths:2

Annotations:
D:3 exclusion: downstairs
D:4 exclusion: downstairs
D:8 exclusion: downstairs
Lair:1 exclusion: oklob plant
Lair:4 exclusion: downstairs
Swamp:4 Lernaean hydra
Spider:1 exclusion: Roxanne, Roxanne
Depths:1 exclusion: downstairs


Innate Abilities, Weirdness & Mutations

Your body is rotting away.
You thrive on raw meat.
You are immune to poison.
You have sharp fingernails.
You are carnivorous and can eat meat at any time.
Your flesh is cold resistant. (rC+)
You are immune to negative energy. (rN+++)
You do not regenerate when monsters are visible.
You are immune to unholy pain and torment.
You can survive without breathing.


Message History

* * * LOW HITPOINT WARNING * * *
The acid corrodes you!
You are splashed with acid!
The acid burns!
* * * LOW HITPOINT WARNING * * *
You feel much better.
You block the quicksilver dragon's attack. x2
The purple draconian breathes dispelling energy at you.
The bolt of dispelling energy hits you!
Your magical effects are unravelling.
* * * LOW HITPOINT WARNING * * *
As you read the scroll of summoning, it crumbles to dust.
Wisps of shadow whirl around you...
You are no longer corroded.
The quicksilver dragon bites you!
* * * LOW HITPOINT WARNING * * *
You block the quicksilver dragon's attack.
The black draconian monk breathes lightning at you.
The bolt of lightning hits your electric golem.
The bolt of lightning hits your black draconian.
The bolt of lightning hits you!
You die...

##### #...# #...# #### #####
#...# #... #...# #####...# #...
#######...######.d.#q..#######...
.q..........qq8d@................
.............dy.D.d..[...........
.............)d...d).............
....##########...q#.....######...
.... #........### ####... ..#
##.......# #...... .. ####....#
#...... .# ##...# #...... .#
#...## ####...


You could see a black draconian monk, a yellow draconian, a purple draconian, a
quicksilver dragon, a friendly electric golem, a friendly black draconian
knight, a friendly black draconian, 2 friendly draconians, a friendly white
draconian, a friendly purple draconian stormcaller, a friendly black draconian
annihilator and a friendly moth of wrath.

Vanquished Creatures
  the Royal Jelly (Slime:5)
  An orb of fire (Zot:1)
  2 juggernauts
  Saint Roka (Depths:1)
  Jory (Vaults:2)
  4 golden dragons
  Arachne (Spider:3)
  A bone dragon (Depths:4)
  Rupert (Lair:5)
  An electric golem (Zot:1)
  5 tentacled monstrosities
  4 liches
  A deep elf blademaster (Elf:2)
  Asterion (Depths:2)
  4 titans
  4 quicksilver dragons
  17 acid blobs
  3 death cobs
  3 sphinxes (Depths:4)
  A tentacled starspawn (Abyss:3)
  5 storm dragons
  Agnes (D:15)
  2 tengu reavers
  Donald (Vaults:2)
  7 shadow dragons
  A draconian monk (Depths:5)
  11 azure jellies
  6 ghost moths
  A deep elf sorcerer (Elf:1)
  A cacodemon (Abyss:3)
  8 fire giants
  9 frost giants
  A draconian scorcher (Zot:1)
  Aizul (Swamp:3)
  3 emperor scorpions (Spider:4)
  An iron dragon (Depths:4)
  2 balrugs
  8 vault wardens
  3 draconian shifters
  A draconian stormcaller (Depths:5)
  9 ironheart preservers
  A draconian annihilator (Depths:5)
  A war gargoyle (Depths:2)
  5 spriggan defenders
  2 reapers
  24 very ugly things
  5 vampire knights
  17 stone giants
  2 green draconians (Depths:5)
  3 entropy weavers
  8 black draconians
  4 white draconians
  3 deep elf demonologists
  A dire elephant (Lair:6)
  5 red draconians
  3 purple draconians (Zot:1)
  3 yellow draconians
  2 deep elf annihilators
  The ghost of Kloppie the Basher, a journeyman MiBe of Trog (D:12)
  4 spark wasps
  A blizzard demon (Depths:2)
  The ghost of denis1488 the Severer, a journeyman MiFi of Okawaru (D:12)
  2 merfolk javelineers
  A deep elf death mage (Depths:4)
  13 fire dragons
  4 ettins
  3 merfolk impalers
  13 death oozes (Slime:5)
  2 jiangshi (Depths:5)
  7 yaktaur captains
  4 deep elf high priests (Depths:2)
  23 hydras
  2 catoblepae (Lair:6)
  11 great orbs of eyes
  3 rakshasas
  6 spriggan air magi
  15 ice dragons
  Erolcha (Orc:2)
  A ghost crab (Swamp:3)
  Harold (Orc:1)
  11 centaur warriors
  A death knight (Vaults:2)
  30 dancing weapons
  A queen ant (Lair:5)
  11 ogre magi
  5 deep troll shamans
  An alligator (shapeshifter) (Depths:4)
  4 death yaks
  16 tengu warriors
  27 two-headed ogres
  10 alligators
  3 thrashing horrors (Abyss:3)
  An orc high priest (Elf:2)
  8 deep troll earth magi
  A vampire mage (Depths:5)
  7 spriggan berserkers
  Nergalle (Orc:2)
  6 soul eaters
  14 deep elf knights
  3 sun demons (Depths:2)
  8 skeletal warriors
  A glowing orange brain (shapeshifter) (Depths:1)
  7 glowing orange brains
  2 unseen horrors
  An iron troll (D:15)
  A gelid demonspawn (Depths:3)
  20 deep trolls
  A quicksilver dragon simulacrum (Depths:2)
  5 deep elf archers
  5 flayed ghosts
  4 swamp dragons
  2 spriggan druids
  12 ironbrand convokers
  2 shambling mangroves
  A shadow dragon zombie (Vaults:4)
  3 lindwurms
  The ghost of zkobry the Sneak, a novice HaEn of Uskayaw (D:8)
  12 orc knights
  4 wizards
  4 harpies (Vaults:2)
  Pikel (D:7)
  2 necromancers
  An oklob plant (Lair:6)
  26 wolf spiders
  7 shining eyes
  74 slime creatures
  58 ugly things
  A frost giant zombie (Vaults:3)
  A fire giant zombie (Vaults:4)
  14 orb spiders
  2 manticores (Lair:6)
  7 orc sorcerers
  2 salamanders (shapeshifter) (Vaults:4)
  32 deep elf magi
  A salamander (Depths:5)
  8 cyclopes
  9 moths of wrath
  3 ice statues
  5 centaur zombies
  8 rust devils
  2 torpor snails
  9 black mambas
  2 guardian serpents (D:9)
  5 elephants (Lair:6)
  3 gargoyles
  7 vault sentinels
  2 smoke demons (Abyss:3)
  3 molten gargoyles (Volcano)
  An orange demon (Abyss:3)
  30 spiny frogs
  An eye of devastation (Slime:5)
  A spiny frog (shapeshifter) (Depths:3)
  3 centaur skeletons
  2 rime drakes
  5 freezing wraiths
  A yaktaur zombie (Vaults:4)
  A human zombie (Vaults:3)
  8 efreet
  11 ice devils
  6 komodo dragons
  34 yaktaurs
  17 demonic crawlers
  6 hellwings
  2 tengu conjurers
  2 polar bears
  4 red devils
  8 trolls
  37 jumping spiders
  A hornet (shapeshifter) (Vaults:3)
  9 tyrant leeches
  A queen bee (D:10)
  22 hornets
  5 raiju (Abyss:3)
  4 bog bodies
  12 blink frogs
  7 hippogriffs
  A sphinx simulacrum (Vaults:3)
  A meliai zombie (D:14)
  A raiju (shapeshifter) (Depths:2)
  2 dream sheep (Lair:6)
  A hippogriff (shapeshifter) (D:13)
  A spriggan (shapeshifter) (Vaults:4)
  6 shadows
  A wyvern (shapeshifter) (Elf:2)
  7 spriggans
  3 flying skulls (Depths:1)
  62 redbacks
  14 air elementals
  33 tarantellas
  A tarantella (shapeshifter) (Depths:1)
  4 starcursed masses (Abyss:3)
  2 vampires (D:12)
  22 yaks
  5 wraiths
  4 wyverns
  16 water elementals
  A basilisk (shapeshifter) (Vaults:2)
  4 basilisks
  6 fire elementals
  2 golden eyes (Slime:4)
  Grum (D:11)
  2 chaos spawn
  5 hungry ghosts
  A neqoxec (Abyss:3)
  A steam dragon (Lair:2)
  A small abomination (Abyss:3)
  25 vampire mosquitoes
  A large abomination (Abyss:3)
  8 wargs
  A yaktaur simulacrum (Vaults:2)
  21 soldier ants
  2 acid dragons
  20 swamp worms
  A floating eye (Depths:4)
  8 hell hounds
  7 porcupines
  14 water moccasins
  2 black bears
  17 orc warriors
  7 swamp drakes
  5 ice beasts
  6 sky beasts
  A black bear (shapeshifter) (Vaults:4)
  4 eyes of draining
  2 necrophages
  2 boggarts (Elf:1)
  2 phantoms
  11 wolves
  23 centaurs
  33 ogres
  2 big kobolds
  14 crocodiles
  18 bullfrogs
  4 earth elementals
  3 wyvern zombies
  6 scorpions
  34 killer bees
  5 howler monkeys
  A vampire bat (Lair:1)
  3 wights
  6 electric eels
  2 bullfrog zombies
  14 crimson imps
  4 quasits
  2 human simulacra
  2 jellies (D:15)
  7 hounds
  6 orc priests
  Crazy Yiuf (D:2)
  3 bullfrog skeletons
  2 gnoll shamans
  4 iron imps
  2 iguanas
  36 orc wizards
  Ijyb (D:3)
  28 worker ants
  A killer bee zombie (D:6)
  Robin (D:2)
  9 gnolls
  2 howler monkey skeletons
  11 adders
  9 shadow imps
  14 white imps
  10 ufetubi
  An adder skeleton (D:8)
  5 worms
  3 dart slugs
  4 leopard geckos
  58 orcs
  17 bats
  8 giant cockroaches
  11 goblins
  10 hobgoblins
  8 jackals
  4 quokkas
  A ball python (D:3)
  11 frilled lizards
  A jackal zombie (D:7)
  17 kobolds
  A quokka skeleton (D:5)
  5 rats
  A spectral orc (D:4)
2007 creatures vanquished.

Vanquished Creatures (others)
  Nikola (Lair:3)
  A quicksilver dragon (Depths:4)
  A reaper (IceCv)
  A stone giant (Depths:5)
  2 spriggan air magi (Depths:2)
  2 centaur warriors
  A deep elf archer (Vaults:1)
  A quicksilver dragon simulacrum (Depths:2)
  A deep elf mage (Elf:1)
  An orb spider (Spider:1)
  8 yaktaurs
  A tengu conjurer (Depths:2)
  A jumping spider (Spider:2)
  A red devil (Depths:2)
  A water elemental (Depths:4)
  A hell hound (Depths:2)
  4 slaves (D:7)
  4 ettin simulacra (Depths:2)
  A sky beast (D:14)
  An ogre (Vaults:2)
  A centaur (Depths:1)
  A killer bee (D:7)
  2 white imps (IceCv)
  2 ufetubi (IceCv)
  2 orcs
  2 fire vortices (Volcano)
  14 fungi
  6 plants
  2 starspawn tentacles (Abyss:3)
67 creatures vanquished.

Grand Total: 2074 creatures vanquished

Notes
Turn   | Place    | Note
-------+----------+-------------------------------------------
     0 | D:1      | Kenran the Ghoul Conjurer began the quest for the Orb.
     0 | D:1      | Reached XP level 1. HP: 14/14 MP: 2/2
   112 | D:1      | Reached skill level 1 in Unarmed Combat
   207 | D:1      | Reached XP level 2. HP: 20/20 MP: 0/3
   300 | D:1      | Reached skill level 2 in Unarmed Combat
   652 | D:1      | Reached XP level 3. HP: 26/26 MP: 1/4
   748 | D:1      | Reached skill level 3 in Unarmed Combat
  1274 | D:2      | Reached skill level 4 in Unarmed Combat
  1274 | D:2      | Reached XP level 4. HP: 29/32 MP: 2/5
  1399 | D:2      | Found a runed door.
  1541 | D:2      | Noticed Robin
  1664 | D:2      | Killed Robin
  1664 | D:2      | Reached skill level 1 in Armour
  2216 | D:3      | Noticed Ijyb
  2237 | D:3      | Paralysed by Ijyb for 6 turns
  2248 | D:3      | Killed Ijyb
  2248 | D:3      | Reached XP level 5. HP: 38/38 MP: 6/6
  2860 | D:4      | Reached skill level 1 in Fighting
  2896 | D:4      | Found a glowing golden altar of the Shining One.
  2987 | D:4      | Found a stormy altar of Qazlal.
  2987 | D:4      | Noticed an ogre
  3130 | D:4      | Reached XP level 6. HP: 48/48 MP: 7/7
  3267 | D:3      | Reached skill level 5 in Unarmed Combat
  3452 | D:4      | Found a basalt altar of Yredelemnul.
  3925 | D:4      | Found a staircase to the Ecumenical Temple.
  3932 | Temple   | Entered the Ecumenical Temple
  4074 | Temple   | Became a worshipper of Warmaster Okawaru
  4177 | D:5      | Entered Level 5 of the Dungeon
  4324 | D:4      | Reached XP level 7. HP: 40/56 MP: 8/8
  4421 | D:4      | Reached skill level 6 in Unarmed Combat
  4724 | D:5      | Reached skill level 7 in Unarmed Combat
  4991 | D:5      | Reached * piety under Okawaru
  5184 | D:6      | Reached skill level 8 in Unarmed Combat
  5184 | D:6      | Reached XP level 8. HP: 63/63 MP: 9/9
  5369 | D:5      | Reached skill level 9 in Unarmed Combat
  5537 | D:6      | Found a hide-covered altar of Uskayaw.
  6046 | D:7      | Found a shattered altar of Ashenzari.
  6050 | D:7      | Found an ornate altar of the Wu Jian Council.
  6105 | D:7      | Reached skill level 5 in Fighting
  6241 | D:7      | Reached ** piety under Okawaru
  6274 | D:7      | Noticed Pikel
  6298 | D:7      | Killed Pikel
  6298 | D:7      | Reached XP level 9. HP: 42/79 MP: 10/10
  6433 | D:7      | Reached *** piety under Okawaru
  6433 | D:7      | Reached skill level 5 in Armour
  7245 | D:2      | Noticed Crazy Yiuf
  7250 | D:2      | Killed Crazy Yiuf
  7663 | D:8      | Noticed zkobry's ghost (novice HaEn)
  7783 | D:8      | Killed zkobry's ghost
  7783 | D:8      | Reached skill level 10 in Unarmed Combat
  7813 | D:8      | Reached **** piety under Okawaru
  7901 | D:8      | Reached XP level 10. HP: 73/88 MP: 11/11
  8026 | D:8      | Reached skill level 11 in Unarmed Combat
  8026 | D:8      | Reached skill level 1 in Invocations
  8426 | D:9      | Noticed a guardian serpent
  8861 | D:9      | Noticed a guardian serpent
  9040 | D:9      | Killed a guardian serpent
  9040 | D:9      | Reached ***** piety under Okawaru
  9212 | D:9      | Reached skill level 12 in Unarmed Combat
  9365 | D:9      | Killed a guardian serpent
  9583 | D:10     | Entered Level 10 of the Dungeon
  9692 | D:10     | Found a staircase to the Orcish Mines.
  9728 | D:10     | Found a hide-covered altar of Uskayaw.
 10270 | D:10     | Reached XP level 11. HP: 53/97 MP: 13/13
 10453 | D:11     | Received a gift from Okawaru
 10494 | D:11     | Noticed a two-headed ogre
 10768 | D:10     | Killed a two-headed ogre
 10768 | D:10     | Reached skill level 10 in Fighting
 11214 | D:11     | Killed an unseen horror
 11317 | D:11     | Noticed a two-headed ogre
 11833 | D:11     | Reached ****** piety under Okawaru
 11940 | D:11     | Found a staircase to the Lair.
 12256 | D:11     | Killed a two-headed ogre
 12256 | D:11     | Received a gift from Okawaru
 12332 | D:12     | Noticed denis1488's ghost (journeyman MiFi)
 12355 | D:12     | Killed denis1488's ghost
 12419 | D:12     | Reached skill level 1 in Slings
 12501 | D:12     | Noticed a two-headed ogre
 12521 | D:12     | Reached XP level 12. HP: 93/110 MP: 14/14
 12647 | D:12     | Killed a two-headed ogre
 12868 | D:12     | Noticed a two-headed ogre
 12876 | D:12     | Killed a two-headed ogre
 12931 | D:12     | Found Liolunt's Blood Bar.
 13083 | D:12     | Reached skill level 5 in Slings
 13281 | D:12     | Noticed Kloppie's ghost (journeyman MiBe)
 13296 | D:12     | Killed Kloppie's ghost
 13396 | Lair:1   | Entered Level 1 of the Lair of Beasts
 13442 | Lair:1   | Noticed Grum
 13531 | D:11     | Killed Grum
 13958 | Lair:1   | Reached skill level 13 in Unarmed Combat
 14304 | Lair:1   | Received a gift from Okawaru
 14644 | Lair:1   | Noticed an eight-headed hydra
 14654 | Lair:1   | HP: 4/110 [eight-headed hydra (13)]
 14666 | Lair:1   | Killed an eight-headed hydra
 15102 | Lair:2   | Reached skill level 14 in Unarmed Combat
 15134 | Lair:2   | Reached XP level 13. HP: 102/116 MP: 15/15
 15258 | Lair:2   | Found a frozen archway.
 15267 | IceCv    | Entered an ice cave
 15466 | IceCv    | Killed a reaper
 15881 | IceCv    | Reached skill level 15 in Unarmed Combat
 16117 | Lair:2   | Found an ancient bone altar of Kikubaaqudgha.
 16627 | Lair:2   | Received a gift from Okawaru
 16629 | Lair:2   | Reached skill level 5 in Invocations
 16847 | Lair:3   | Found a hole to the Spider Nest.
 17293 | Lair:3   | Found a staircase to the Swamp.
 17901 | Lair:4   | Found a dark tunnel.
 17910 | Volcano  | Entered a volcano
 18632 | Lair:4   | Reached skill level 1 in Evocations
 18668 | Lair:4   | Reached skill level 10 in Armour
 18707 | Lair:4   | Received a gift from Okawaru
 18825 | Lair:4   | Reached XP level 14. HP: 106/126 MP: 17/17
 19449 | Lair:5   | Noticed Rupert
 19501 | Lair:5   | Reached skill level 5 in Evocations
 19675 | Lair:5   | Noticed an entropy weaver
 19707 | Lair:4   | Received a gift from Okawaru
 19797 | Lair:4   | Killed an entropy weaver
 19910 | Lair:5   | Noticed an entropy weaver
 20067 | Lair:3   | Killed an entropy weaver
 20142 | Lair:5   | Killed Rupert
 20185 | Lair:5   | Received a gift from Okawaru
 20537 | Lair:5   | Got a brightly glowing steel amulet
 20682 | Lair:6   | Entered Level 6 of the Lair of Beasts
 20767 | Lair:6   | Received a gift from Okawaru
 20928 | Lair:6   | Received a gift from Okawaru
 20969 | Lair:6   | Got a pair of brightly glowing gloves {god gift}
 21050 | Lair:6   | Identified the -4 pair of gloves "Zar Yrrast" {Str+3} (Okawaru gifted it to you on level 6 of the Lair of Beasts)
 21111 | Lair:6   | Reached skill level 16 in Unarmed Combat
 21171 | Lair:6   | Noticed a dire elephant
 21188 | Lair:6   | Killed a dire elephant
 22299 | Lair:6   | Reached XP level 15. HP: 103/134 MP: 20/20
 22704 | Lair:6   | Found a staircase to the Slime Pits.
 23374 | Orc:1    | Entered Level 1 of the Orcish Mines
 23431 | Orc:1    | Noticed Harold
 23445 | Orc:1    | Killed Harold
 23734 | Orc:2    | Entered Level 2 of the Orcish Mines
 23873 | Orc:2    | Received a gift from Okawaru
 23957 | Orc:2    | Found Estim's Antique Armour Shoppe.
 23994 | Orc:2    | Found an ancient bone altar of Kikubaaqudgha.
 23995 | Orc:2    | Noticed Nergalle
 24045 | Orc:2    | Killed Nergalle
 24086 | Orc:2    | Found Wutisch's Magic Scroll Emporium.
 24093 | Orc:2    | Bought a scroll of identify for 30 gold pieces
 24093 | Orc:2    | Bought a scroll of identify for 30 gold pieces
 24093 | Orc:2    | Bought a scroll of identify for 30 gold pieces
 24093 | Orc:2    | Identified the amulet "Yton" {Gourm rElec rPois rN+} (You found it on level 5 of the Lair of Beasts)
 24105 | Orc:2    | Found a radiant altar of Vehumet.
 24107 | Orc:2    | Noticed Erolcha
 24116 | Orc:2    | Killed Erolcha
 24127 | Orc:2    | Found Emuamonu's Gadget Shoppe.
 24178 | Orc:2    | Found a roughly hewn altar of Beogh.
 24185 | Orc:2    | Found Wuwyhal's Book Emporium.
 24430 | Orc:2    | Found a staircase to the Elven Halls.
 24549 | Orc:2    | Reached skill level 15 in Fighting
 25554 | D:13     | Found a gate to the Vaults.
 25799 | D:13     | You fall through a shaft!
 25895 | D:15     | Entered Level 15 of the Dungeon
 26433 | D:15     | Noticed Agnes
 26440 | D:15     | Killed Agnes
 26440 | D:15     | Received a gift from Okawaru
 26443 | D:15     | Got a pair of polished boots {god gift}
 26548 | D:15     | Identified the +0 pair of boots of Autumn {rN+} (Okawaru gifted it to you on level 15 of the Dungeon)
 26753 | D:15     | Found Cerijoing's General Store.
 26762 | D:15     | Bought a scroll of acquirement for 988 gold pieces
 26768 | D:15     | Got a pair of slimy boots
 26779 | D:15     | Identified the +1 pair of boots "Qoijyex" {rF+ rN+ MP+9 Dex-2} (You acquired it on level 15 of the Dungeon)
 27009 | D:15     | Reached XP level 16. HP: 78/149 MP: 21/21
 27023 | D:15     | Found a staircase to the Depths.
 27302 | D:15     | Reached skill level 17 in Unarmed Combat
 28417 | D:13     | Received a gift from Okawaru
 28883 | Orc:2    | Bought a buckler for 121 gold pieces
 29065 | Swamp:1  | Entered Level 1 of the Swamp
 29115 | Swamp:1  | Reached skill level 1 in Shields
 30120 | Swamp:2  | Reached skill level 18 in Unarmed Combat
 30259 | Swamp:2  | You fall through a shaft!
 30514 | Swamp:3  | Reached XP level 17. HP: 156/156 MP: 22/22
 30649 | Swamp:3  | Received a gift from Okawaru
 30684 | Swamp:3  | Noticed Aizul
 30714 | Swamp:3  | Killed Aizul
 31706 | Swamp:4  | Entered Level 4 of the Swamp
 31910 | Swamp:4  | Reached skill level 19 in Unarmed Combat
 31967 | Swamp:4  | Noticed the 27-headed Lernaean hydra
 32214 | Swamp:4  | Received a gift from Okawaru
 32265 | Swamp:4  | Got a decaying rune of Zot
 32456 | Spider:1 | Entered Level 1 of the Spider Nest
 32456 | Spider:1 | Noticed Nikola
 32472 | Lair:3   | Killed Nikola
 33042 | Spider:1 | Reached skill level 5 in Dodging
 33969 | Spider:1 | Noticed Roxanne
 34043 | Spider:1 | Received a gift from Okawaru
 35308 | Spider:3 | Reached XP level 18. HP: 156/163 MP: 23/23
 36091 | Spider:3 | Identified the cursed +0 scale mail "Osi Kett" {rElec MR+} (You found it on level 3 of the Spider Nest)
 36191 | Spider:4 | Entered Level 4 of the Spider Nest
 36191 | Spider:4 | Noticed Arachne
 36212 | Spider:3 | Killed Arachne
 36212 | Spider:3 | Reached skill level 5 in Shields
 36419 | Spider:4 | Received a gift from Okawaru
 36506 | Spider:4 | Reached skill level 20 in Unarmed Combat
 37782 | Spider:4 | Got a gossamer rune of Zot
 38070 | Elf:1    | Entered Level 1 of the Elven Halls
 38221 | Elf:1    | Cast into level 3 of the Abyss (a deep elf sorcerer)
 38291 | Abyss:3  | Noticed a lich
 38297 | Abyss:3  | Noticed a Tzitzimitl
 38300 | Abyss:3  | Killed a lich
 38340 | Abyss:3  | Got an iridescent battleaxe
 38388 | Abyss:3  | Received a gift from Okawaru
 38458 | Abyss:3  | HP: 4/163 [hell hog/fireball (5)]
 38743 | Elf:1    | Escaped the Abyss
 38750 | Elf:1    | HP: 3/161 [acid (13)]
 38754 | Elf:1    | Received a gift from Okawaru
 38754 | Elf:1    | Reached XP level 19. HP: 18/170 MP: 24/24
 39388 | Elf:1    | Received a gift from Okawaru
 40100 | Elf:2    | Reached skill level 21 in Unarmed Combat
 40373 | Elf:2    | Found a runed gate.
 40373 | Elf:2    | Found a runed gate.
 40374 | Elf:2    | Found a runed gate.
 40585 | Elf:2    | Got a twitching diamond amulet
 40611 | Elf:2    | Identified the amulet "Orphoryor" {Reflect rF+ SH+6 Stlth+} (You found it on level 2 of the Elven Halls)
 40809 | Elf:2    | Received a gift from Okawaru
 40904 | Elf:2    | Received a gift from Okawaru
 41085 | Elf:2    | Received a gift from Okawaru
 43222 | Vaults:1 | Entered Level 1 of the Vaults
 43909 | Vaults:1 | Received a gift from Okawaru
 44230 | Vaults:1 | Reached XP level 20. HP: 189/189 MP: 25/25
 44409 | Vaults:1 | Received a gift from Okawaru
 45489 | Vaults:2 | Noticed Donald
 45502 | Vaults:2 | Killed Donald
 45706 | Vaults:2 | Paralysed by a great orb of eyes for 4 turns
 46044 | Vaults:2 | Noticed Jory
 46054 | Vaults:2 | Received a gift from Okawaru
 46072 | Vaults:2 | Killed Jory
 46072 | Vaults:2 | Reached skill level 15 in Armour
 46826 | Vaults:3 | Reached XP level 21. HP: 200/200 MP: 26/26
 47196 | Vaults:3 | Found Hoetota's Antique Weapon Shoppe.
 47389 | Vaults:3 | Found a staircase to the Crypt.
 47709 | Vaults:3 | Received a gift from Okawaru
 47715 | Vaults:3 | Got a smelly crystal plate armour {god gift}
 47750 | Vaults:3 | Identified the +1 crystal plate armour "Iruppuon" {*Drain rF++ Int+5} (Okawaru gifted it to you on level 3 of the Vaults)
 49157 | Vaults:4 | Paralysed by a great orb of eyes for 7 turns
 50196 | Depths:1 | Entered Level 1 of the Depths
 50298 | D:15     | Received a gift from Okawaru
 50472 | Depths:1 | Found a gateway to Hell.
 50691 | Depths:1 | Reached skill level 10 in Shields
 50819 | Depths:1 | Learned a level 3 spell: Portal Projectile
 51323 | Depths:1 | Paralysed by a vampire knight for 6 turns
 51574 | Depths:2 | Reached XP level 22. HP: 185/208 MP: 27/27
 51996 | Depths:1 | Received a gift from Okawaru
 52596 | Depths:2 | Received a gift from Okawaru
 52931 | Depths:2 | Found a radiant altar of Vehumet.
 52931 | Depths:2 | Noticed Asterion
 52955 | Depths:2 | Killed Asterion
 53245 | Depths:2 | Noticed a juggernaut
 53430 | Depths:2 | Found a shadowy altar of Dithmenos.
 53432 | Depths:2 | Found a gateway to a ziggurat.
 53441 | Depths:2 | Noticed a golden dragon
 53443 | Depths:2 | Noticed Saint Roka
 53469 | Depths:2 | Received a gift from Okawaru
 53685 | Depths:2 | Noticed a golden dragon
 53697 | Depths:1 | Killed a golden dragon
 53731 | Depths:1 | Killed a golden dragon
 53731 | Depths:1 | Received a gift from Okawaru
 53864 | Depths:1 | Killed Saint Roka
 54900 | Depths:2 | Found a burning altar of Makhleb.
 54902 | Depths:2 | Found a one-way gate to the infinite horrors of the Abyss.
 55251 | Depths:2 | Found a glowing silver altar of Zin.
 55289 | Depths:2 | Killed a juggernaut
 55512 | Depths:3 | Reached XP level 23. HP: 210/215 MP: 28/28
 55552 | Depths:3 | Received a gift from Okawaru
 55597 | Depths:3 | Found a one-way gate leading to the halls of Pandemonium.
 55719 | Depths:3 | Reached skill level 5 in Spellcasting
 56777 | Depths:4 | Found a snail-covered altar of Cheibriados.
 56934 | Depths:4 | Found a corrupted altar of Lugonu.
 57598 | Depths:4 | Reached skill level 15 in Shields
 57682 | Depths:4 | Noticed a golden dragon
 57698 | Depths:4 | Killed a golden dragon
 57705 | Depths:4 | Killed a ghostly golden dragon
 57728 | Depths:4 | Received a gift from Okawaru
 57995 | Depths:4 | Identified the Almanac of Burning Companions
 58053 | Depths:4 | Paralysed by a floating eye for 2 turns
 58086 | Depths:4 | Received a gift from Okawaru
 58203 | Depths:4 | Paralysed by a vampire knight for 3 turns
 58242 | Depths:4 | Noticed a juggernaut
 58288 | Depths:4 | Killed a juggernaut
 58303 | Depths:4 | Received a gift from Okawaru
 58360 | Depths:4 | Found the +4 robe of Augmentation {Str+4 Int+4 Dex+4}
 58851 | Depths:4 | Received a gift from Okawaru
 58887 | Depths:4 | Identified the +0 pair of gloves "Diquri" {rC- Regen+ rCorr} (Okawaru gifted it to you on level 4 of the Depths)
 58914 | Depths:5 | Entered Level 5 of the Depths
 59403 | Depths:5 | Reached XP level 24. HP: 184/222 MP: 31/31
 60299 | Depths:5 | Reached skill level 10 in Slings
 60552 | Depths:5 | Received a gift from Okawaru
 60946 | Depths:5 | Found a gate to the Realm of Zot.
 61352 | Slime:1  | Entered Level 1 of the Pits of Slime
 61753 | Slime:2  | Received a gift from Okawaru
 62288 | Slime:4  | Reached skill level 22 in Unarmed Combat
 62670 | Slime:4  | Received a gift from Okawaru
 62695 | Slime:5  | Entered Level 5 of the Pits of Slime
 62814 | Slime:5  | Noticed the Royal Jelly
 62830 | Slime:5  | Killed the Royal Jelly
 63126 | Slime:5  | Reached XP level 25. HP: 113/231 MP: 31/31
 63519 | Slime:5  | Paralysed by a great orb of eyes for 5 turns
 64066 | Slime:5  | Got a slimy rune of Zot
 64154 | Slime:5  | Identified the ring of Wony {rPois Dex+7} (You found it on level 5 of the Pits of Slime)
 64247 | Slime:3  | Reached skill level 23 in Unarmed Combat
 64612 | Zot:1    | Entered Level 1 of the Realm of Zot
 66794 | Depths:5 | Received a gift from Okawaru
 66901 | Zot:1    | Noticed an orb of fire
 66916 | Zot:1    | Killed an orb of fire
 67505 | Zot:1    | HP: 6/233 [acid (12)]
 67507 | Zot:1    | Killed from afar by a black draconian monk

Skill      XL: |  1  2  3  4  5  6  7  8  9 10 11 12 13 14 15 16 17 18 19 20 21 22 23 24 25 |
---------------+----------------------------------------------------------------------------+-----
Unarmed Combat | 1 2 4 5 8 9 10 12 14 15 16 18 19 20 21 22 23 | 23.1
Armour         | 2 4 5 6 8 10 11 12 14 15 17 18 | 18.8
Fighting       | 2 3 7 8 9 11 12 15 18 20 | 20.3
Invocations    | 4 6 8 |  8.3
Slings         | 3 6 7 11 | 11.2
Dodging        | 4 7 8 9 |  9.0
Evocations     | 3 5 7 8 |  8.8
Shields        | 4 9 10 13 16 | 16.4
Spellcasting   | 4 6 |  6.5
Stealth        | |  2.1
Conjurations   | |  3.2

Action                   |  1- 3 |  4- 6 |  7- 9 | 10-12 | 13-15 | 16-18 | 19-21 | 22-24 | 25-27 || total
-------------------------+-------+-------+-------+-------+-------+-------+-------+-------+-------++-------
Melee: Unarmed           |     8 |       |   410 |   752 |  1380 |  1875 |  1757 |  1841 |   384 ||  8407
       Dagger            |    91 |   307 |    54 |       |       |       |       |       |       ||   452
       Punch             |     2 |     3 |    10 |    24 |    72 |    14 |       |       |       ||   125
 Fire: Hunting sling     |       |       |     3 |    11 |     5 |    17 |       |       |       ||    36
       Fustibalus        |       |       |       |       |       |       |     4 |    66 |       ||    70
Throw: Stone             |       |       |       |     2 |       |       |       |       |       ||     2
 Cast: Magic Dart        |    34 |       |       |       |       |       |       |       |       ||    34
Invok: Heroism           |       |       |       |     3 |     3 |     6 |     2 |     5 |     2 ||    21
       Finesse           |       |       |       |       |       |     2 |       |     2 |     2 ||     6
Evoke: Wand              |       |       |       |    22 |    19 |    13 |       |       |       ||    54
       Phial of floods   |       |       |       |       |     2 |       |       |       |       ||     2
       Fan of gales      |       |       |       |       |       |     1 |       |       |     1 ||     2
  Use: Scroll            |       |     5 |     6 |    12 |    17 |    16 |    13 |    18 |    13 ||   100
       Potion            |       |       |       |       |     2 |     9 |     3 |     7 |     6 ||    27
 Stab: Petrified         |       |       |       |       |     2 |       |       |       |       ||     2
       Paralysed         |       |       |       |       |       |     2 |       |       |       ||     2
  Eat: Chunk             |     6 |    21 |    40 |   108 |   209 |   298 |   177 |   132 |    25 ||  1016
       Ration            |       |       |     1 |     1 |       |       |       |     7 |     4 ||    13
Armor: Chain mail        |    50 |    60 |       |       |       |       |       |       |       ||   110
       Robe              |     1 |       |       |       |       |       |       |       |       ||     1
       Ring mail         |       |   108 |   196 |   384 |   116 |       |       |       |       ||   804
       Plate armour      |       |       |       |       |   741 |  1592 |   555 |   732 |   187 ||  3807
       Fire dragon scale |       |       |       |       |     6 |       |       |       |       ||     6
Dodge: Dodged            |    41 |   141 |   219 |   458 |   545 |   700 |   254 |   287 |    53 ||  2698
Block: Buckler           |       |       |       |       |       |   206 |       |       |       ||   206
       Shield            |       |       |       |       |       |   322 |   865 |       |       ||  1187
       Reflection        |       |       |       |       |       |       |   119 |    72 |     5 ||   196
       Large shield      |       |       |       |       |       |       |   258 |  1909 |   389 ||  2556
